 Dungeon Crawl Stone Soup version 0.30.0 (webtiles) character file.

Game seed: 14021660436087398903

51 samcosmo the Grasshopper (level 3, -2/31 HPs)
             Began as a Draconian Warper on July 20, 2023.
             Slain by a gnoll
             ... wielding a +0 spear
              (4 damage)
             ... on level 2 of the Dungeon.
             The game lasted 00:02:14 (983 turns).

samcosmo the Grasshopper (Draconian Warper)          Turns: 983, Time: 00:02:15

Health: -2/31      AC:  5    Str: 15    XL:     3   Next: 58%
Magic:  6/6        EV: 12    Int: 13    God:
Gold:   133        SH:  0    Dex: 10    Spells: 1/6 levels left

rFire   . . .        a - +0 mace
rCold   . . .        (no shield)
rNeg    . . .        (body armour unavailable)
rPois   .            (helmet restricted)
rElec   .            (no cloak)
rCorr   .            (no gloves)
SInv    .            (no boots)
Will    .....        (no amulet)
Stlth   +            (no ring)
HPRegen 0.25/turn    (no ring)
MPRegen 0.10/turn

%: no passive effects
@: no status effects
A: AC +5, unfitting armour, cold-blooded
a: no special abilities


You were on level 2 of the Dungeon.
You visited 1 branch of the dungeon, and saw 2 of its levels.

You collected 133 gold pieces.

Inventory:

Hand Weapons
 a - a +0 mace (weapon)
Missiles
 c - 7 boomerangs of dispersal (quivered)
Scrolls
 b - 2 scrolls of blinking
 f - 2 scrolls of identify {unknown}
 h - a scroll of poison {unknown}
 i - a scroll of noise {unknown}
Potions
 d - a potion of experience {unknown}
 e - a potion of heal wounds {unknown}
 g - a potion of cancellation {unknown}


   Skills:
 * Level 3.2 Fighting
 + Level 2.5 Maces & Flails
 - Level 0.8 Throwing
 - Level 2.1 Dodging
 + Level 2.4 Spellcasting
 + Level 3.3 Translocations


You had one spell level left.
You knew the following spells:

 Your Spells              Type           Power      Damage    Failure   Level
a - Blink                 Tloc           20%        N/A       10%         2
b - Vhi's Electric Charg  Tloc/Air       10%        N/A       36%         3

Your spell library contained the following spells:

 Spells                   Type           Power      Damage    Failure   Level
 Lesser Beckoning         Tloc           20%        N/A       10%         2
 Teleport Other           Tloc           10%        N/A       19%         3
 Manifold Assault         Tloc           10%        N/A       52%         4


Dungeon Overview and Level Annotations

Branches:
Dungeon (2/15)

Altars:
Okawaru


Innate Abilities, Weirdness & Mutations

Your plain brown scales are hard. (AC +5)
You cannot fit into any form of body armour.
You are cold-blooded and may be slowed by cold attacks.


Message History

The bat hits you but does no damage. The bat hits you but does no damage.
The bat barely misses you.
You barely miss the bat.
Your tail-slap misses the bat.
The bat barely misses you.
A gnoll comes into view. It is wielding a +0 spear.
The bat completely misses you.
You closely miss the bat. The bat hits you but does no damage.
The bat hits you but does no damage. The bat misses you.
You open the door. The bat hits you.
The gnoll hits you from afar with a +0 spear.
The bat attacks as you move away! The bat closely misses you.
The bat misses you.
There is an open door here.
The bat hits you but does no damage.
You closely miss the bat. You tail-slap the bat.
You kill the bat!
You completely miss the gnoll.
The gnoll hits you from afar with a +0 spear.
The gnoll barely misses you. The gnoll hits you with a +0 flail!
The gnoll barely misses you. x2
You are too injured to fight recklessly!
You are too injured to fight recklessly!
You closely miss the gnoll.
Your tail-slap misses the gnoll.
The gnoll hits you from afar with a +0 spear!
* * * LOW HITPOINT WARNING * * *
The gnoll hits you with a +0 flail.
* * * LOW HITPOINT WARNING * * *
You closely miss the gnoll. The gnoll barely misses you. The gnoll misses you.
You hit the gnoll.
The gnoll is moderately wounded.
The gnoll barely misses you. The gnoll hits you with a +0 flail.
* * * LOW HITPOINT WARNING * * *
You hit the gnoll.
The gnoll is severely wounded.
The gnoll hits you but does no damage. The gnoll closely misses you.
The gnoll hits you with a +0 flail.
* * * LOW HITPOINT WARNING * * *
The gnoll hits you from afar with a +0 spear.
You die...

##############
##########............##
.......@ggg...........'.
......####.........†..##
......g.g..........†..##
.........$............##
......=.._............##
......................##
......................##
........#............##
..<.....#..............


You could see 3 gnolls.

Vanquished Creatures
  A gnoll (D:1)
  An adder (D:2)
  A dart slug (D:1)
  A ball python (D:1)
  3 endoplasms (D:1)
  2 giant cockroaches (D:1)
  4 goblins
  3 hobgoblins
  4 kobolds (D:1)
  2 quokkas (D:1)
  4 bats
  3 frilled lizards
  A rat (D:1)
30 creatures vanquished.

Notes
Turn   | Place    | Note
-------+----------+-------------------------------------------
     0 | D:1      | samcosmo the Draconian Warper began the quest for the Orb.
     0 | D:1      | Reached XP level 1. HP: 17/17 MP: 3/3
   235 | D:1      | Reached XP level 2. HP: 24/25 MP: 5/5
   595 | D:1      | Reached XP level 3. HP: 13/31 MP: 6/6
   670 | D:1      | Learned a level 2 spell: Blink
   674 | D:1      | Learned a level 3 spell: Vhi's Electric Charge
   957 | D:2      | Found an iron altar of Okawaru.
   983 | D:2      | Slain by a gnoll

Illustrated notes

Levels and vault maps discovered:
D:1:      heliophobic_arrival_battle_scene, layout_rooms,
          palyth_stone_intersect, nrook_mini_vaults, minmay_hexomino_f4
D:2:      layout_basic, basic_altar

Skill      XL: |  1  2 |
---------------+-------+-----
Fighting       | 3 |  3.2
Maces & Flails | |  2.5
Throwing       | |  0.8
Dodging        | |  2.1
Spellcasting   | |  2.4
Translocations | |  3.3

Action                     || total
---------------------------++-------
  Melee: Mace              ||   119
         Tailslap          ||    11
         Punch             ||     1
 Armour: Skin              ||    50
  Dodge: Dodged            ||    95
